 Dungeon Crawl Stone Soup version 0.29-a0-275-g389c0b56f3 (webtiles) character file.

Game seed: 2496031779471280855

63 sking99 the Bolt Thrower (level 4, -9/27 HPs)
             Began as a Kobold Hunter on Mar 11, 2022.
             Killed by divine providence
             ... invoked by an orc priest
              (15 damage)
             ... on level 3 of the Dungeon.
             The game lasted 00:02:48 (1764 turns).

sking99 the Bolt Thrower (Kobold Hunter)            Turns: 1764, Time: 00:02:49

Health: -9/27      AC: 10    Str:  9    XL:     4   Next: 30%
Magic:  4/4        EV:  3    Int: 12    God:
Gold:   106        SH:  0    Dex: 17    Spells: 3/3 levels left

rFire   . . .      SeeInvis .   a - +1 hand crossbow
rCold   . . .      Faith    .   (no shield)
rNeg    . . .      Spirit   .   s - +0 plate armour
rPois   +          Reflect  .   (no helmet)
rElec   .          Harm     .   (no cloak)
rCorr   .          Rampage  .   (no gloves)
Will    +....                   (no boots)
Stlth   ..........              (no amulet)
HPRegen 0.09/turn               e - ring of poison resistance
MPRegen 0.09/turn               j - ring of willpower

@: no status effects
A: small, no large weapons, nightstalker 3
a: no special abilities


You were on level 3 of the Dungeon.
You visited 1 branch of the dungeon, and saw 3 of its levels.

You collected 106 gold pieces.

Inventory:

Hand Weapons
 a - a +1 hand crossbow (weapon)
Missiles
 f - 4 poisoned darts
Armour
 s - a +0 plate armour (worn)
Jewellery
 e - a ring of poison resistance (left hand)
 j - a ring of willpower (right hand)
 k - a ring of willpower
 l - the brooch of Shielding {Spirit SH+8}
   (You found it on level 2 of the Dungeon)

   [amulet of guardian spirit]

   It causes incoming damage to be divided between your reserves of health and
   magic.
   SH:        It affects your SH (+8).
 r - a ring of positive energy
Scrolls
 b - a scroll of teleportation {unknown}
 c - a scroll of immolation
 d - 5 scrolls of identify {unknown}
 n - 2 scrolls of blinking {unknown}
 q - a scroll of fog {unknown}
Potions
 g - a potion of berserk rage {unknown}
 h - a potion of lignification {unknown}
 i - 3 potions of curing {unknown}
 m - a potion of magic {unknown}
 o - a potion of attraction {unknown}
 p - a potion of degeneration {unknown}


   Skills:
 + Level 2.9 Fighting
 * Level 6.4 Crossbows
 + Level 3.2 Dodging
 - Level 1.3 Stealth


You had 3 spell levels left.
You didn't know any spells.
Your spell library contained the following spells:

 Spells                   Type           Power      Damage    Failure   Level
 Gell's Gravitas          Tloc           0%         N/A       100%        3
 Teleport Other           Tloc           0%         N/A       100%        3
 Leda's Liquefaction      Hex/Erth       0%         N/A       100%        4
 Lee's Rapid Deconstruct  Erth           0%         3d5*      100%        5
 Dispersal                Tloc           0%         N/A       100%        6
 Statue Form              Tmut/Erth      0%         N/A       100%        6


Dungeon Overview and Level Annotations

Branches:
Dungeon (3/15)

Altars:
Qazlal


Innate Abilities, Weirdness & Mutations

You are small and have problems with some larger weapons.
You are completely attuned to the shadows.


Message History

b - a scroll labelled JOMEUZX JYEDDE 2 orcs come into view.
The orc shouts!
You hear a shout! x2
An orc comes into view. It is wielding a +0 flail.
An orc comes into view. It is wielding a +0 dagger of venom.
You shoot a bolt. The orc shouts!
The bolt hits the orc.
The orc is moderately wounded.
An orc priest comes into view. It is wielding a +0 dagger.
The orc priest looks satisfied for a moment.
The orc throws a boomerang.
The boomerang hits you but does no damage.
The orc throws a boomerang.
The boomerang hits you but does no damage.
The orc throws a boomerang.
The boomerang hits you but does no damage.
You shoot a bolt. The bolt hits the orc.
The orc is heavily wounded.
The orc throws a boomerang.
The boomerang hits you.
You shoot a bolt. The bolt barely misses the orc.
The bolt hits the orc.
The orc is heavily wounded.
The orc throws a boomerang.
The boomerang hits you.
You shoot a bolt.
The bolt hits the orc but does no damage.
The orc is heavily wounded.
The orc hits you with a +0 hand axe.
You shoot a bolt. The bolt hits the orc!
You kill the orc!
The orc priest invokes the aid of Beogh against you.
Beogh smites you!
Ouch! That really hurt!
* * * LOW HITPOINT WARNING * * *
The orc hits you but does no damage. The orc attacks as you move away!
The orc hits you with a +0 hand axe.
* * * LOW HITPOINT WARNING * * *
The orc priest calls down the wrath of Beogh upon you.
Beogh smites you!
Ouch! That really hurt!
You die...

.####..## ##
##...## #.....##
........###
.....o.....
.......o###
#......#
.....#o#########
#..##..oo)o.@.#
#.# #.#######.##
#+ #+# ##...## #
#.....##.#
#.......#.##
+...........#
##.......##.
#......##
#....##


You could see an orc priest and an orc.

Vanquished Creatures
  2 adders
  3 dart slugs
  2 orcs (D:3)
  4 ball pythons
  3 endoplasms
  A giant cockroach (D:2)
  3 goblins
  4 hobgoblins (D:1)
  2 quokkas
  A bat (D:1)
  3 frilled lizards
  2 kobolds
  4 rats
34 creatures vanquished.

Notes
Turn   | Place    | Note
-------+----------+-------------------------------------------
     0 | D:1      | sking99 the Kobold Hunter began the quest for the Orb.
     0 | D:1      | Reached XP level 1. HP: 12/12 MP: 1/1
   127 | D:1      | Reached XP level 2. HP: 18/18 MP: 2/2
   423 | D:1      | Reached XP level 3. HP: 22/22 MP: 3/3
   527 | D:1      | Reached skill level 6 in Crossbows
   695 | D:2      | Found the brooch of Shielding {Spirit SH+8}
   851 | D:2      | Reached XP level 4. HP: 27/27 MP: 4/4
  1644 | D:3      | Found a stormy altar of Qazlal.
  1764 | D:3      | Killed from afar by an orc priest

Illustrated notes

Levels and vault maps discovered:
D:1:      eino_arrival_tree_alley, layout_rooms
D:2:      layout_basic, grunt_ministairs_6
D:3:      layout_loops_ring, nicolae_ru_sacrificial_ziggurat,
          mainiacjoe_overflow_cross_hatched, mainiacjoe_overflow_24_doors,
          uniq_crazy_yiuf_cottage

Skill      XL: |  1  2  3 |
---------------+----------+-----
Crossbows      | 6 |  6.4
Dodging        | 3 |  3.2
Fighting       | |  2.9
Stealth        | |  1.3

Action                   |  1- 3 |  4- 6 || total
-------------------------+-------+-------++-------
 Fire: Hand crossbow     |    56 |    19 ||    75
Armor: Leather armour    |     7 |       ||     7
       Plate armour      |       |    11 ||    11
Dodge: Dodged            |    21 |     1 ||    22

Table legend: (Time is in decaauts)
 A = Elapsed time spent in this place.
 B = Non-inter-level travel time spent in this place.
 C = Inter-level travel time spent in this place.
 D = Time resting spent in this place.
 E = Time spent auto-exploring this place.
 F = Levels seen in this place.
 G = Mean time per level.
                   A        B        C        D        E       F      G
               +--------+--------+--------+--------+--------+-----+--------+
         Total |   1799 |   1742 |     57 |     59 |   1427 |   3 |  599.7 |
       Dungeon |   1799 |   1742 |     57 |     59 |   1427 |   3 |  599.7 |
               +--------+--------+--------+--------+--------+-----+--------+

Top non-repeatable levels by time:
     D:2: 872 daAuts
     D:1: 687 daAuts
     D:3: 239 daAuts
